General information
- name: BNet
- type: Ladder team game (AT/RT)
- host: Battle.net
- saver: Umskiptar
map: Deathknell
- players: 8
- length: 34:36
- speed: Fast
- version: 1.26 W3XP
- replay type: Public
» download(228 KB)
Players
team 1 (winner)
NIGHTMARE3000 (
yellow | 29 APM | 1009 actions | 34:15)
7 Mountain King
3 Storm Bolt
3 Bash
1 Avatar
» actions
| Assign group hotkey | 1 | |
| Basic commands | 8 | |
| Build / train | 108 | |
| Enter build submenu | 40 | |
| Enter hero's abilities submenu | 7 | |
| Remove unit from queue | 1 | |
| Right click | 336 | |
| Select / deselect | 415 | |
| Select group hotkey | 1 | |
| Use ability | 92 | |
1009 total
» units
| Peasant | 28 | |
| Footman | 18 | |
| Goblin Shredder | 1 | |
| Priest | 6 | |
| Knight | 7 | |
| Rifleman | 4 | |
64 total
» upgrades
| Masonry | 3 | |
| Lumber Harvesting | 1 | |
| Swords | 3 | |
| Plating | 2 | |
| Priest Training | 2 | |
| Magic Sentry | 1 | |
| Animal War Training | 1 | |
| Gunpowder | 1 | |
| Long Rifles | 1 | |
15 total
» buildings
| Farm | 17 | |
| Altar of Kings | 2 | |
| Barracks | 3 | |
| Town Hall | 4 | |
| Arcane Vault | 1 | |
| Lumber Mill | 2 | |
| Keep | 1 | |
| Blacksmith | 1 | |
| Castle | 1 | |
| Arcane Sanctum | 2 | |
| Scout Tower | 8 | |
| Guard Tower | 6 | |
48 total
» build order
00:17 Farm
00:54 Altar of Kings
00:58 Barracks
01:01 Farm
01:26 Farm
02:00 Farm
04:21 Town Hall
05:18 Arcane Vault
05:55 Lumber Mill
06:06 Farm
06:08 Farm
07:00 Keep
08:02 Farm
08:29 Blacksmith
10:17 Castle
10:29 Barracks
10:35 Arcane Sanctum
10:37 Arcane Sanctum
10:43 Barracks
13:14 Farm
13:17 Farm
13:19 Farm
14:09 Farm
15:10 Farm
15:12 Farm
15:14 Farm
19:54 Altar of Kings
20:07 Scout Tower
20:20 Scout Tower
20:33 Scout Tower
20:36 Scout Tower
20:39 Scout Tower
20:41 Guard Tower
20:47 Guard Tower
21:03 Guard Tower
21:05 Guard Tower
21:10 Scout Tower
21:14 Guard Tower
21:17 Scout Tower
21:20 Scout Tower
21:53 Guard Tower
24:55 Town Hall
26:24 Farm
28:25 Lumber Mill
28:29 Farm
28:34 Farm
31:07 Town Hall
33:36 Town Hall
» items
| Scroll of Regeneration | 4 | |
| Lesser Clarity Potion | 3 | |
| Scroll of Town Portal | 1 | |
| Potion of Mana | 1 | |
| Potion of Healing | 2 | |
| Orb of Fire | 1 | |
12 total
wong.tai.sin (
pink | 27 APM | 823 actions | 30:30)
6 Archmage
1 Blizzard
2 Summon Water Elemental
2 Brilliance Aura
1 Mass Teleport
2 Firelord
1 Incinerate
1 Soul Burn
1 Paladin
1 Divine Shield
» actions
| Basic commands | 21 | |
| Build / train | 69 | |
| Enter build submenu | 25 | |
| Enter hero's abilities submenu | 9 | |
| Remove unit from queue | 1 | |
| Right click | 331 | |
| Select / deselect | 289 | |
| Use ability | 78 | |
823 total
» units
| Peasant | 8 | |
| Priest | 3 | |
| Gryphon Rider | 23 | |
| Goblin Shredder | 1 | |
35 total
» upgrades
| Swords | 3 | |
| Lumber Harvesting | 1 | |
| Priest Training | 2 | |
| Armor | 3 | |
| Animal War Training | 1 | |
| Storm Hammers | 1 | |
| Masonry | 2 | |
| Plating | 1 | |
| Gunpowder | 1 | |
15 total
» buildings
| Altar of Kings | 1 | |
| Farm | 12 | |
| Scout Tower | 3 | |
| Arcane Tower | 1 | |
| Keep | 1 | |
| Blacksmith | 1 | |
| Lumber Mill | 1 | |
| Guard Tower | 1 | |
| Castle | 1 | |
| Arcane Sanctum | 1 | |
| Gryphon Aviary | 2 | |
| Barracks | 1 | |
| Town Hall | 3 | |
29 total
» build order
00:37 Altar of Kings
01:08 Farm
01:32 Scout Tower
02:01 Arcane Tower
02:29 Keep
02:44 Blacksmith
03:03 Farm
03:45 Lumber Mill
03:52 Scout Tower
03:57 Scout Tower
04:52 Guard Tower
04:53 Castle
05:46 Arcane Sanctum
06:28 Gryphon Aviary
06:50 Gryphon Aviary
07:02 Farm
07:50 Farm
08:20 Farm
09:08 Farm
09:51 Farm
10:57 Barracks
11:09 Farm
11:12 Farm
12:18 Town Hall
12:32 Farm
13:30 Farm
16:09 Farm
18:09 Town Hall
22:18 Town Hall
» items
| Orb of Fire | 1 | |
| Scroll of Town Portal | 1 | |
2 total
Umskiptar (
teal | 99 APM | 3437 actions | 34:36)
7 Archmage
3 Summon Water Elemental
3 Brilliance Aura
1 Mass Teleport
» actions
| Assign group hotkey | 79 | |
| Basic commands | 382 | |
| Build / train | 190 | |
| ESC pressed | 11 | |
| Enter build submenu | 41 | |
| Enter hero's abilities submenu | 7 | |
| Give item / drop item | 3 | |
| Remove unit from queue | 1 | |
| Right click | 1023 | |
| Select / deselect | 456 | |
| Select group hotkey | 961 | |
| Use ability | 283 | |
3437 total
» units
| Peasant | 21 | |
| Footman | 7 | |
| Goblin Shredder | 3 | |
| Mortar Team | 4 | |
| Sorceress | 2 | |
| Goblin Zeppelin | 10 | |
| Goblin Sapper | 10 | |
| Gryphon Rider | 6 | |
| Dragonhawk Rider | 3 | |
66 total
» upgrades
| Masonry | 3 | |
| Swords | 3 | |
| Armor | 3 | |
| Gunpowder | 3 | |
| Sorceress Training | 2 | |
| Magic Sentry | 1 | |
| Lumber Harvesting | 2 | |
| Flare | 1 | |
| Cloud | 1 | |
| Storm Hammers | 1 | |
| Fragmentation Shards | 1 | |
| Plating | 3 | |
| Barrage | 1 | |
| Flak Cannons | 1 | |
| Priest Training | 1 | |
| Animal War Training | 1 | |
28 total
» buildings
| Altar of Kings | 1 | |
| Barracks | 1 | |
| Farm | 14 | |
| Arcane Vault | 1 | |
| Lumber Mill | 1 | |
| Town Hall | 2 | |
| Scout Tower | 23 | |
| Guard Tower | 18 | |
| Keep | 4 | |
| Blacksmith | 1 | |
| Workshop | 2 | |
| Arcane Sanctum | 1 | |
| Castle | 4 | |
| Cannon Tower | 10 | |
| Gryphon Aviary | 4 | |
87 total
» build order
01:01 Altar of Kings
01:02 Barracks
01:04 Farm
01:08 Farm
01:19 Farm
01:50 Arcane Vault
02:17 Farm
02:43 Lumber Mill
04:09 Town Hall
04:12 Scout Tower
04:13 Scout Tower
04:14 Scout Tower
04:16 Scout Tower
04:17 Scout Tower
04:19 Scout Tower
04:21 Scout Tower
04:21 Scout Tower
04:32 Scout Tower
04:33 Scout Tower
04:34 Scout Tower
04:35 Scout Tower
04:36 Scout Tower
04:58 Guard Tower
04:58 Guard Tower
06:21 Farm
06:30 Farm
07:03 Keep
07:12 Guard Tower
07:12 Guard Tower
08:16 Blacksmith
08:59 Guard Tower
09:00 Guard Tower
09:37 Workshop
09:39 Workshop
09:42 Arcane Sanctum
09:47 Scout Tower
09:48 Scout Tower
09:50 Scout Tower
09:50 Scout Tower
09:52 Scout Tower
10:55 Guard Tower
10:55 Guard Tower
11:23 Scout Tower
11:27 Scout Tower
11:28 Scout Tower
11:29 Scout Tower
11:31 Scout Tower
12:25 Castle
12:25 Castle
14:11 Guard Tower
14:11 Guard Tower
14:11 Guard Tower
14:14 Cannon Tower
14:16 Cannon Tower
14:16 Cannon Tower
14:17 Cannon Tower
14:17 Cannon Tower
14:18 Cannon Tower
14:18 Cannon Tower
14:18 Cannon Tower
14:23 Guard Tower
14:24 Guard Tower
14:24 Guard Tower
15:51 Gryphon Aviary
15:52 Gryphon Aviary
22:40 Farm
22:42 Farm
22:43 Farm
22:47 Farm
22:48 Farm
22:49 Farm
22:50 Farm
22:51 Farm
22:53 Gryphon Aviary
22:54 Gryphon Aviary
26:05 Town Hall
27:34 Keep
27:34 Keep
» items
| Scroll of Regeneration | 8 | |
| Mechanical Critter | 2 | |
| Scroll of Town Portal | 4 | |
| Staff of Sanctuary | 1 | |
| Lesser Clarity Potion | 2 | |
17 total
STAFFORD-SUX (
orange | 65 APM | 2239 actions | 34:29)
7 Blademaster
3 Wind Walk
3 Critical Strike
1 Bladestorm
» actions
| Assign group hotkey | 59 | |
| Basic commands | 149 | |
| Build / train | 60 | |
| Enter build submenu | 21 | |
| Enter hero's abilities submenu | 7 | |
| Give item / drop item | 2 | |
| Remove unit from queue | 1 | |
| Right click | 893 | |
| Select / deselect | 229 | |
| Select group hotkey | 703 | |
| Use ability | 115 | |
2239 total
» units
| Peon | 12 | |
| Wind Rider | 11 | |
| Goblin Sapper | 5 | |
28 total
» upgrades
| Ranged Weapons | 2 | |
| Armor | 2 | |
| Reinforced Defenses | 1 | |
| Envenomed Spears | 1 | |
6 total
» buildings
| Altar of Storms | 1 | |
| Orc Burrow | 7 | |
| War Mill | 1 | |
| Voodoo Lounge | 1 | |
| Watch Tower | 21 | |
| Stronghold | 1 | |
| Beastiary | 3 | |
| Fortress | 1 | |
| Great Hall | 1 | |
37 total
» build order
00:07 Altar of Storms
00:19 Orc Burrow
00:41 War Mill
01:07 Voodoo Lounge
01:56 Watch Tower
02:53 Stronghold
03:02 Watch Tower
03:03 Watch Tower
03:21 Orc Burrow
03:21 Orc Burrow
03:22 Orc Burrow
04:41 Watch Tower
04:43 Watch Tower
05:28 Beastiary
05:42 Beastiary
06:56 Fortress
09:09 Watch Tower
09:09 Watch Tower
10:41 Orc Burrow
10:41 Orc Burrow
10:47 Watch Tower
10:48 Watch Tower
10:48 Watch Tower
12:23 Watch Tower
12:24 Watch Tower
14:09 Watch Tower
14:11 Watch Tower
14:11 Watch Tower
16:30 Orc Burrow
17:08 Great Hall
17:10 Watch Tower
17:10 Watch Tower
17:11 Watch Tower
17:11 Watch Tower
17:11 Watch Tower
17:41 Watch Tower
28:21 Beastiary
» items
| Healing Salve | 2 | |
| Lesser Clarity Potion | 2 | |
| Potion of Healing | 4 | |
| Scroll of Town Portal | 3 | |
| Scroll of Regeneration | 1 | |
| Scroll of Speed | 1 | |
13 total
team 2 (loser)
umirinson (
green | 80 APM | 1798 actions | 22:32)
5 Death Knight
3 Death Coil
2 Unholy Aura
3 Lich
2 Frost Nova
1 Dark Ritual
» actions
| Assign group hotkey | 44 | |
| Basic commands | 18 | |
| Build / train | 54 | |
| Enter build submenu | 20 | |
| Enter hero's abilities submenu | 8 | |
| Give item / drop item | 1 | |
| Remove unit from queue | 1 | |
| Right click | 743 | |
| Select / deselect | 370 | |
| Select group hotkey | 490 | |
| Use ability | 49 | |
1798 total
» units
| Acolyte | 8 | |
| Ghoul | 3 | |
| Crypt Fiend | 9 | |
| Peasant | 2 | |
22 total
» upgrades
» buildings
| Ziggurat | 6 | |
| Altar of Darkness | 1 | |
| Graveyard | 1 | |
| Crypt | 2 | |
| Halls of the Dead | 2 | |
| Nerubian Tower | 4 | |
| Tomb of Relics | 1 | |
| Black Citadel | 1 | |
| Spirit Tower | 2 | |
| Necropolis | 1 | |
21 total
» build order
00:25 Ziggurat
00:27 Altar of Darkness
00:45 Graveyard
00:56 Crypt
01:42 Ziggurat
02:00 Crypt
03:11 Halls of the Dead
03:12 Halls of the Dead
03:44 Nerubian Tower
03:44 Nerubian Tower
04:34 Ziggurat
08:55 Ziggurat
08:55 Ziggurat
08:57 Tomb of Relics
09:36 Black Citadel
10:42 Ziggurat
12:05 Spirit Tower
12:20 Spirit Tower
15:41 Necropolis
» items

»
roseta_stoned (
purple | 116 APM | 2599 actions | 22:29)
5 Death Knight
3 Death Coil
2 Unholy Aura
3 Lich
2 Frost Nova
1 Dark Ritual
» actions
| Assign group hotkey | 32 | |
| Basic commands | 111 | |
| Build / train | 71 | |
| Enter build submenu | 20 | |
| Enter hero's abilities submenu | 8 | |
| Give item / drop item | 1 | |
| Remove unit from queue | 2 | |
| Right click | 969 | |
| Select / deselect | 954 | |
| Select group hotkey | 356 | |
| Use ability | 74 | |
2599 total
» units
| Acolyte | 6 | |
| Ghoul | 2 | |
| Crypt Fiend | 18 | |
| Obsidian Statue | 4 | |
| Abomination | 3 | |
| Rifleman | 4 | |
| Peasant | 4 | |
41 total
» upgrades
| Disease Cloud | 1 | |
| Web | 1 | |
| Creature Carapace | 2 | |
4 total
» buildings
| Crypt | 1 | |
| Graveyard | 1 | |
| Altar of Darkness | 1 | |
| Ziggurat | 7 | |
| Tomb of Relics | 2 | |
| Nerubian Tower | 1 | |
| Halls of the Dead | 1 | |
| Spirit Tower | 3 | |
| Slaughterhouse | 1 | |
| Black Citadel | 1 | |
| Necropolis | 1 | |
20 total
» build order
00:40 Crypt
00:47 Graveyard
01:00 Altar of Darkness
01:16 Ziggurat
01:26 Ziggurat
01:33 Tomb of Relics
03:42 Nerubian Tower
03:54 Halls of the Dead
04:25 Ziggurat
05:51 Spirit Tower
06:52 Slaughterhouse
07:50 Black Citadel
08:28 Ziggurat
11:55 Necropolis
13:16 Spirit Tower
16:31 Spirit Tower
17:31 Ziggurat
18:05 Ziggurat
19:08 Tomb of Relics
19:37 Ziggurat
» items
| Rod of Necromancy | 3 | |
| Potion of Healing | 4 | |
| Scroll of Town Portal | 3 | |
10 total
IwantGoldRush (
blue | 34 APM | 1173 actions | 34:35)
6 Mountain King
2 Storm Bolt
3 Bash
1 Avatar
» actions
| Build / train | 73 | |
| Enter build submenu | 43 | |
| Enter hero's abilities submenu | 6 | |
| Give item / drop item | 1 | |
| Remove unit from queue | 1 | |
| Right click | 615 | |
| Select / deselect | 352 | |
| Use ability | 82 | |
1173 total
» units
| Peasant | 27 | |
| Footman | 5 | |
| Gryphon Rider | 7 | |
| Dragonhawk Rider | 5 | |
44 total
» upgrades
| Lumber Harvesting | 2 | |
| Storm Hammers | 1 | |
| Swords | 1 | |
4 total
» buildings
| Altar of Kings | 1 | |
| Barracks | 1 | |
| Farm | 18 | |
| Lumber Mill | 2 | |
| Blacksmith | 1 | |
| Town Hall | 2 | |
| Arcane Vault | 1 | |
| Keep | 3 | |
| Scout Tower | 8 | |
| Guard Tower | 4 | |
| Castle | 1 | |
| Gryphon Aviary | 3 | |
| Arcane Tower | 1 | |
46 total
» build order
00:43 Altar of Kings
00:43 Barracks
00:50 Farm
01:11 Lumber Mill
01:27 Farm
02:05 Farm
02:38 Blacksmith
02:53 Farm
03:42 Farm
04:35 Town Hall
04:44 Arcane Vault
05:59 Keep
05:59 Keep
07:06 Scout Tower
07:07 Scout Tower
07:13 Scout Tower
07:15 Scout Tower
07:41 Guard Tower
07:47 Scout Tower
08:03 Scout Tower
08:04 Scout Tower
08:06 Guard Tower
08:43 Castle
08:58 Scout Tower
09:00 Guard Tower
09:09 Guard Tower
09:18 Gryphon Aviary
09:20 Gryphon Aviary
09:26 Arcane Tower
10:20 Gryphon Aviary
13:08 Lumber Mill
14:19 Farm
14:24 Farm
14:25 Farm
14:26 Farm
17:04 Farm
17:08 Farm
17:51 Farm
17:53 Farm
17:58 Farm
18:00 Farm
21:05 Farm
21:09 Farm
21:13 Farm
24:15 Town Hall
» items
| Scroll of Regeneration | 5 | |
| Orb of Fire | 1 | |
| Scroll of Town Portal | 1 | |
7 total

»
ImInsideYouNow (
red | 49 APM | 761 actions | 15:25)
4 Archmage
2 Summon Water Elemental
1 Brilliance Aura
1 Blizzard
» actions
| Basic commands | 7 | |
| Build / train | 40 | |
| Enter build submenu | 22 | |
| Enter hero's abilities submenu | 4 | |
| Right click | 359 | |
| Select / deselect | 298 | |
| Use ability | 31 | |
761 total
» units
| Peasant | 8 | |
| Footman | 2 | |
| Rifleman | 15 | |
| Goblin Shredder | 1 | |
26 total
» upgrades
| Gunpowder | 2 | |
| Long Rifles | 1 | |
| Armor | 1 | |
| Masonry | 1 | |
5 total
» buildings
| Altar of Kings | 1 | |
| Farm | 8 | |
| Barracks | 2 | |
| Blacksmith | 1 | |
| Lumber Mill | 1 | |
| Town Hall | 1 | |
| Keep | 1 | |
| Scout Tower | 3 | |
| Guard Tower | 3 | |
| Workshop | 1 | |
22 total
» build order
00:11 Altar of Kings
00:14 Farm
00:41 Barracks
01:25 Farm
02:10 Blacksmith
02:30 Barracks
02:39 Farm
03:22 Farm
03:59 Lumber Mill
04:08 Farm
05:21 Farm
06:35 Town Hall
07:42 Keep
09:00 Farm
10:15 Scout Tower
10:59 Guard Tower
11:06 Scout Tower
12:02 Guard Tower
12:36 Scout Tower
12:46 Workshop
13:05 Farm
13:06 Guard Tower
Chat log
(00:37 / All) STAFFORD-SUX: FAT BOY IN THE HOUSEEEEE
(00:55 / All) STAFFORD-SUX: they call me tubby where im from
(01:03 / All) IwantGoldRush: yall niggas be some scaredy ass niggas
(01:07 / All) IwantGoldRush: my niggas be some roy jones beat yo ass niggas
(01:32 / All) STAFFORD-SUX: tough crowd
(01:40 / All) NIGHTMARE3000: Facebook -- LIKE
(02:02 / All) Umskiptar: WC3's built in latency can go fuck itself
(02:09 / All) Umskiptar: one of the only issues with this game
(02:36 / All) STAFFORD-SUX: i used to play on 12k dial up
(02:43 / All) STAFFORD-SUX: this is 0 ping lag to me
(03:52 / Allies) Umskiptar: Got +6 agi boots for you jake
(04:24 / Allies) STAFFORD-SUX: woo hoo
(04:35 / All) STAFFORD-SUX: wtb tp staff
(05:47 / Allies) Umskiptar: wood
(06:07 / Allies) Umskiptar: 100 wood
(06:13 / Allies) Umskiptar: ty
(07:46 / All) STAFFORD-SUX: gotta watch out for those orange creeps, green
(08:10 / Allies) Umskiptar: Boots, god damn I am getting all the bm items lawl
(10:05 / All) STAFFORD-SUX: calm down
(10:34 / Allies) Umskiptar: AND A PENDANT WTF
(11:44 / All) STAFFORD-SUX: fail tp is fail
(12:42 / All) IwantGoldRush: pink
(12:45 / All) IwantGoldRush: you suck
(14:15 / Allies) NIGHTMARE3000: help plx
(14:17 / Allies) NIGHTMARE3000: help
(14:20 / Allies) NIGHTMARE3000: got no aaa
(16:09 / All) STAFFORD-SUX: !st to level 6 woo hoo
(18:05 / All) NIGHTMARE3000: be right back
(18:11 / All) IwantGoldRush: will you
(18:24 / Allies) STAFFORD-SUX: ur fine
(19:00 / Allies) NIGHTMARE3000: wtf help
(19:07 / All) IwantGoldRush: lol yellow
(19:30 / Allies) NIGHTMARE3000: damn yall serious
(19:33 / Allies) NIGHTMARE3000: not gonna help
(19:52 / Allies) Umskiptar: I only have mortars
(20:05 / Allies) Umskiptar: wait for me at purp
(20:07 / Allies) wong.tai.sin: blue
(20:07 / Allies) Umskiptar: I need level 6
(20:09 / All) wong.tai.sin: blue
(20:11 / All) wong.tai.sin: you sick
(20:19 / All) IwantGoldRush: pink
(20:21 / All) IwantGoldRush: you lost
(21:41 / All) IwantGoldRush: nice yeller
(22:00 / All) wong.tai.sin: run away like a dog
(22:08 / All) wong.tai.sin: are you afraid? blue ?
(22:13 / All) IwantGoldRush: lol
(22:16 / All) IwantGoldRush: we shall see my frined
(22:17 / Allies) NIGHTMARE3000: teal
(22:19 / Allies) NIGHTMARE3000: gold plz
(22:20 / All) Umskiptar: Had a tp and didn't
(22:21 / Allies) NIGHTMARE3000: 2k
(22:23 / Allies) NIGHTMARE3000: goldplz
(22:31 / Allies) Umskiptar: WHy should I give you gold?
(22:36 / Allies) NIGHTMARE3000: wtf
(22:40 / Allies) NIGHTMARE3000: i need gold
(22:45 / Allies) Umskiptar: How come?
(22:48 / Allies) NIGHTMARE3000: been killing undead all game
(22:55 / Allies) NIGHTMARE3000: blues air
(22:59 / Allies) Umskiptar: Then why do you need it?
(23:30 / All) IwantGoldRush: pink you think you won
(23:30 / All) Umskiptar: YELLOW IS A TKER
(23:32 / All) Umskiptar: HE IS TRYING TO TK ME
(23:33 / All) IwantGoldRush: thats thje best part
(23:35 / All) Umskiptar: TK YELLOW
(23:44 / Allies) NIGHTMARE3000: wtf u doing teal
(23:45 / All) STAFFORD-SUX: YELLOW tk
(23:48 / All) Umskiptar: KILL THE TKER
(23:49 / All) Umskiptar: KILL THE TKER
(23:51 / All) Umskiptar: KILL THE TKER
(23:54 / All) Umskiptar: KILL THE MOTHERFUCKING TKER
(23:55 / Allies) NIGHTMARE3000: teal killing me
(23:56 / Allies) NIGHTMARE3000: wtf
(23:57 / All) IwantGoldRush: wow did he really
(23:58 / All) Umskiptar: LITTLE FUCKER TARGETED MY MORTAR
(24:01 / All) IwantGoldRush: what a loser
(24:10 / All) Umskiptar: I REPORT HIM TO BLIZZARD
(24:14 / Allies) NIGHTMARE3000: teals sabotaging the game
(24:22 / All) STAFFORD-SUX: fucking tker
(24:24 / All) Umskiptar: "YELLOW IS SCUM SABOTAGING THE GAME
(24:47 / Allies) NIGHTMARE3000: wtf yall doing
(24:52 / Allies) STAFFORD-SUX: noob tker
(24:57 / All) Umskiptar: TKER
(24:59 / All) Umskiptar: FUCKING NOOB
(25:00 / All) Umskiptar: GET OUT TKER
(25:02 / All) Umskiptar: FUCKER TK
(25:04 / All) Umskiptar: FUCKER
(25:07 / Allies) NIGHTMARE3000: bitch i aint fuck with no of yalll
(25:27 / Allies) Umskiptar: YOU FUCK WITH ME BITCH
(25:34 / Allies) NIGHTMARE3000: stfu
(25:37 / All) IwantGoldRush: pink why you tp brah
(25:37 / Allies) NIGHTMARE3000: lying ass bitch
(25:42 / All) Umskiptar: YOU SHUT UP BITCH
(25:45 / All) Umskiptar: I TP TOHELP YOU
(25:47 / All) Umskiptar: AND I GET ATTACKED
(25:48 / All) Umskiptar: YOU HIT ME
(25:51 / All) Umskiptar: I HIT BACK
(25:58 / Allies) NIGHTMARE3000: stfu making shit up
(26:06 / All) Umskiptar: ORANGE
(26:10 / All) Umskiptar: YOU SAW THAT RIGHT?
(26:11 / All) STAFFORD-SUX: yes?
(26:12 / All) Umskiptar: HE IS A TKER FUCKER
(26:14 / All) STAFFORD-SUX: yes
(26:35 / Allies) NIGHTMARE3000: fags making shit up
(26:39 / Allies) NIGHTMARE3000: now that game is done
(26:53 / All) Umskiptar: TKER TEAM MUST LOOSE!
(27:33 / All) Umskiptar: TKER PINK!
(27:42 / All) IwantGoldRush: pink fag
(27:45 / Allies) NIGHTMARE3000: oj
(27:51 / Allies) NIGHTMARE3000: we gonna lose cause of this shit
(27:59 / Allies) NIGHTMARE3000: u better help us or we lose oj
(29:03 / All) IwantGoldRush: noob yellow tker die
(29:10 / All) Umskiptar: KILL TKER PINK TOO
(29:12 / All) Umskiptar: TEAM OF TKS WTF
(29:17 / All) Umskiptar: THERE IS 2 TKERS ON OUR TEAM!
(29:22 / All) IwantGoldRush: WOW
(29:23 / All) IwantGoldRush: WTF
(29:55 / Allies) NIGHTMARE3000: oj when teal kills you dont get mad
(30:02 / Allies) NIGHTMARE3000: u 2 fucken us
(30:21 / All) IwantGoldRush: TK NOOB PINK
(30:32 / All) Umskiptar: NOOOB
(30:34 / All) Umskiptar: NOOOB
(30:35 / All) Umskiptar: TK NOOOB
(30:38 / All) Umskiptar: FUCKING 2 TKERS!
(31:09 / All) IwantGoldRush: i saw that peasant pink
(31:13 / All) STAFFORD-SUX: im missing the first 20 min of htis game cuz of nigger pink
(32:59 / All) IwantGoldRush: GG NOOB PINK
(33:01 / All) IwantGoldRush: NOOB YELLOW
(33:04 / All) Umskiptar: NOOB TKS
(33:08 / All) Umskiptar: NOOB PINK AND YELLOW LOOSE
(33:11 / All) Umskiptar: THEY GET THE LOOSE OF THIS GAME
(33:48 / All) Umskiptar: HOW IT FEEL TO GET THE LOOSE YELLOW
(34:05 / All) IwantGoldRush: HAH HE 411-410 NOW
(34:07 / All) IwantGoldRush: HAHAHAHHAHA
(34:19 / All) STAFFORD-SUX: finally
(34:24 / All) Umskiptar: 718-800 pink
(34:28 / All) STAFFORD-SUX: im gonna watch football game good work u 2 i do not care who loses
(34:29 / All) Umskiptar: Which side gets the loss?
(34:30 / All) IwantGoldRush: hahah pink
(34:32 / All) IwantGoldRush: later